 Dungeon Crawl Stone Soup version 0.31-a0-986-g5e6e4ef867 (webtiles) character file.

Game seed: 16870827884591682464

193 javelincjr the Ruffian (level 5, -4/40 HPs)
             Began as a Demigod Shapeshifter on Nov 6, 2023.
             Killed from afar by an orc wizard (7 damage)
             ... with a magic dart
             ... on level 4 of the Dungeon.
             The game lasted 00:09:28 (2949 turns).

javelincjr the Ruffian (Demigod Shapeshifter)       Turns: 2949, Time: 00:09:28

Health: -4/40      AC:  2    Str: 19    XL:     5   Next: 20%
Magic:  7/7        EV: 12    Int: 12    God:
Gold:   133        SH:  0    Dex: 19    Spells: 4/4 levels left

rFire   . .          .
                       - Unarmed
rCold   . . .        (no shield)
rNeg    . . .        a - +0 animal skin
rPois   .            (helmet currently unavailable)
rElec   .            (cloak currently unavailable)
rCorr   .            (gloves currently unavailable)
SInv    .            (boots currently unavailable)
Will    +....        (no amulet)
Stlth   ++           g - +6 ring of dexterity
HPRegen 0.26/turn    q - ring of willpower
MPRegen 0.10/turn

%: no passive effects
@: brilliant, beast-form
A: beast (slay +2), high MP 1, forlorn, divine attributes
a: Begin Untransformation


You were on level 4 of the Dungeon.
You were a hulking beast.
You visited 1 branch of the dungeon, and saw 4 of its levels.

You collected 133 gold pieces.

Inventory:

Hand Weapons
 n - a +0 trident
 s - a +0 flail of venom
Missiles
 e - 34 stones
 k - 8 poisoned darts (quivered)
Armour
 a - a +0 animal skin (worn)
Jewellery
 g - a +6 ring of dexterity (left hand)
 q - a ring of willpower (right hand)
Talismans
 c - a beast talisman
 d - a flux talisman
Wands
 m - a wand of mindburst (13)
Scrolls
 f - 5 scrolls of identify {unknown}
 o - 3 scrolls of amnesia {unknown}
 r - a scroll of blinking {unknown}
Potions
 b - 2 potions of lignification
 h - a potion of brilliance
 i - 3 potions of haste {unknown}
 j - 4 potions of curing {unknown}
 l - a potion of might {unknown}
 p - a potion of invisibility {unknown}


   Skills:
 - Level 1.0 Fighting
 - Level 2.0 Dodging
 + Level 4.3 Unarmed Combat
 + Level 4.1 Shapeshifting


You had 4 spell levels left.
You didn't know any spells.
Your spell library contained the following spells:

 Spells                   Type           Power      Damage    Failure   Level
 Blink                    Tloc           0%         N/A       45%         2
 Ensorcelled Hibernation  Hex/Ice        0%         N/A       45%         2
 Jinxbite                 Hex            0%         N/A       45%         2
 Inner Flame              Hex/Fire       0%         N/A       69%         3
 Stone Arrow              Conj/Erth      0%         3d7       69%         3
 Tukima's Dance           Hex            0%         N/A       69%         3
 Anguish                  Hex/Necr       0%         N/A       97%         4
 Animate Armour           Summ/Erth      0%         N/A       97%         4
 Dimensional Bullseye     Hex/Tloc       0%         N/A       97%         4
 Iskenderun's Mystic Bla  Conj/Tloc      0%         2d3       97%         4
 Manifold Assault         Tloc           0%         N/A       97%         4
 Yara's Violent Unravell  Hex/Tmut       0%         3d3       100%        5
 Enfeeble                 Hex            0%         N/A       100%        7
 Lehudib's Crystal Spear  Conj/Erth      0%         10d2      100%        8


Dungeon Overview and Level Annotations

Branches:
Dungeon (4/15)
 Temple: D:4-7


Innate Abilities, Weirdness & Mutations

You are a hulking beast.
Your limbs bulge with bestial killing power. (Slay +2)
You have an increased reservoir of magic. (+10% MP)
You shall have no god before yourself.
Your divine heritage dramatically boosts your attributes as you level up.


Message History

You closely miss the orc.
The orc hits you with a +2 short sword of protection.
You hit the orc but do no damage.
The orc hits you with a +2 short sword of protection.
You completely miss the orc. The orc hits you with a +0 whip.
The orc hits you with a +2 short sword of protection.
You are too injured to fight recklessly!
You hit the orc but do no damage. You hit the orc.
The orc is severely wounded.
The orc wizard gestures wildly while chanting.
The orc wizard flickers and vanishes!
Deactivating autopickup; reactivate with Ctrl-A.
You hit the orc.
The orc is almost dead.
The orc hits you but does no damage.
The orc hits you with a +2 short sword of protection.
* * * LOW HITPOINT WARNING * * *
You hit the orc.
You kill the orc!
The orc barely misses you.
You closely miss the orc. The orc misses you.
You hit the orc.
The orc is severely wounded.
You hear some strange, mumbled words.
A puff of flame appears from out of thin air!
The puff of flame hits you.
* * * LOW HITPOINT WARNING * * *
You hit the orc.
You kill the orc!
You miss something. Something hits you.
* * * LOW HITPOINT WARNING * * *
You miss something. Something hits you.
* * * LOW HITPOINT WARNING * * *
It was a potion of brilliance.
You feel clever all of a sudden.
You hear some strange, mumbled words.
A magic dart appears from out of thin air!
The magic dart hits you!
You die...

#....#..))).##.#
# ##.#...######
.# # #.##.. .# #
#.##.# .. #
#....# #. #
#..## .. #
#...## ## #
###.#..#### #
#h).##....# #
#{#######.# #
#).# #.# # #..##
#.## # #.# #.†#
# .. ##.# # ...
#.## ... #..#
..). ##.#


There were no monsters in sight!

Vanquished Creatures
  2 orc wizards (D:3)
  4 adders
  3 worms
  2 dart slugs (D:1)
  17 orcs
  7 bats
  6 endoplasms
  3 giant cockroaches
  3 hobgoblins
  2 jackals
  5 kobolds
  A quokka (D:2)
  7 ball pythons
  3 frilled lizards
  6 goblins
  4 rats
75 creatures vanquished.

Notes
Turn   | Place    | Note
-------+----------+-------------------------------------------
     0 | D:1      | javelincjr the Demigod Shapeshifter began the quest for the
                  | Orb.
     0 | D:1      | Reached XP level 1. HP: 15/15 MP: 3/3
    88 | D:1      | Reached skill level 1 in Fighting
   321 | D:1      | Reached XP level 2. HP: 20/23 MP: 4/4
  1014 | D:2      | Reached XP level 3. HP: 28/28 MP: 5/5
  1808 | D:3      | Reached XP level 4. HP: 34/35 MP: 6/6
  2461 | D:3      | Reached XP level 5. HP: 22/40 MP: 7/7
  2948 | D:4      | HP: 2/40 [something (2)]
  2949 | D:4      | Killed from afar by an orc wizard

Illustrated notes

Levels and vault maps discovered:
D:1:      mrwooster_arrival_statue_3, layout_loops_ring, serial_glass,
          glass_columns_c, glass_columns_a, minmay_strange_pillars,
          feat_on_display, due_unseen_surprise, feat_on_display,
          hellmonk_ecumenical_altar_defaced_shrine, minmay_vboxes
D:2:      layout_loops_ring, basic_altar, minmay_3d_cube
D:3:      layout_rooms, minmay_cupped
D:4:      layout_rooms, nicolae_dithmenos_shadow_blocks, lemuel_doored_altar,
          lemuel_tele_altar, serial_shops, nicolae_shop_bloodbath_and_beyond

Skill      XL: |  1  2  3  4 |
---------------+-------------+-----
Fighting       | 1 |  1.0
Dodging        | 2 |  2.0
Unarmed Combat | 3 4 |  4.3
Shapeshifting  | 3 4 |  4.1

Action                     |  1- 3 |  4- 6 || total
---------------------------+-------+-------++-------
  Melee: Unarmed           |   140 |    79 ||   219
         Punch             |     3 |     3 ||     6
         Flail             |       |    13 ||    13
  Throw: Dart              |     2 |     4 ||     6
    Use: Potion            |       |     1 ||     1
   Stab: Sleeping          |     3 |       ||     3
 Armour: Animal skin       |    57 |    55 ||   112
  Dodge: Dodged            |    78 |    32 ||   110

Table legend: (Time is in decaauts)
 A = Elapsed time spent in this place.
 B = Non-inter-level travel time spent in this place.
 C = Inter-level travel time spent in this place.
 D = Time resting spent in this place.
 E = Time spent auto-exploring this place.
 F = Levels seen in this place.
 G = Mean time per level.
                   A        B        C        D        E       F      G
               +--------+--------+--------+--------+--------+-----+--------+
         Total |   2936 |   2813 |    123 |     60 |   2151 |   4 |  734.0 |
       Dungeon |   2936 |   2813 |    123 |     60 |   2151 |   4 |  734.0 |
               +--------+--------+--------+--------+--------+-----+--------+

Top non-repeatable levels by time:
     D:3: 969 daAuts
     D:1: 943 daAuts
     D:2: 905 daAuts
     D:4: 118 daAuts
